 Dungeon Crawl Stone Soup version 0.29-a0-334-gb41bcbb86e (webtiles) character file.

Game seed: 4259121450676474479

2909 Antichthon the Chopper (level 9, 0/78 HPs)
             Began as a Naga Warper on Apr 14, 2022.
             Was a Believer of Cheibriados.
             Slain by a human
             ... wielding a +0 war axe
              (7 damage)
             ... in a bailey.
             The game lasted 00:31:14 (10904 turns).

Antichthon the Chopper (Naga Warper)               Turns: 10904, Time: 00:31:15

Health: 0/78       AC: 10    Str: 19    XL:     9   Next: 78%
Magic:  11/14      EV: 10    Int: 28    God:    Cheibriados [**....]
Gold:   371        SH:  5    Dex: 19    Spells: 9/15 levels left

rFire   + . .      SeeInvis +   a - +0 war axe
rCold   + . .      Faith    .   (no shield)
rNeg    . . .      Spirit   .   x - +1 ring mail of Okawaru's Regard {rC+ Will+ Int+3}
rPois   +          Reflect  +   D - +0 helmet
rElec   .          Harm     .   e - +0 cloak
rCorr   .          Rampage  .   y - +0 pair of gloves
Will    +++..                   (no barding)
Stlth   +++.......              i - amulet of reflection
HPRegen 0.23/turn               g - +6 ring of intelligence
MPRegen 0.14/turn               j - ring of willpower

@: mighty, very slow
A: AC +3, large, see invisible, deformed body, poison resistance, slowness 2,
spit poison 1, naga tail 1, stinger 1, fire resistance 1
a: Spit Poison, Renounce Religion, Bend Time


You were in a bailey.
You worshipped Cheibriados.
Cheibriados was pleased with you.
You visited 2 branches of the dungeon, and saw 8 of its levels.
You also visited: Sewer, Ossuary and Bailey.

You collected 371 gold pieces.

Inventory:

Hand Weapons
 a - a +0 war axe (weapon)
 l - a +0 hunting sling
Missiles
 d - 6 boomerangs of dispersal (quivered)
 C - 3 boomerangs
 K - a throwing net
Armour
 e - a +0 cloak (worn)
 x - the +1 ring mail of Okawaru's Regard (worn) {rC+ Will+ Int+3}
   (You took it off a hobgoblin on level 3 of the Dungeon)

   Int:       It affects your intelligence (+3).
   rC:        It protects you from cold.
   Will:      It increases your willpower.
 y - a +0 pair of gloves (worn)
 D - a +0 helmet (worn)
Jewellery
 g - a +6 ring of intelligence (left hand)
 i - an amulet of reflection (around neck)
 j - a ring of willpower (right hand)
 H - an amulet of the acrobat
Wands
 c - a wand of flame (7)
 L - a wand of acid (12)
Scrolls
 m - 3 scrolls of magic mapping
 n - 3 scrolls of teleportation
 p - 4 scrolls of enchant weapon {unknown}
 q - a scroll of torment
 s - a scroll of fog {unknown}
 t - 4 scrolls of immolation {unknown}
 u - 2 scrolls of enchant armour
 w - 2 scrolls of amnesia {unknown}
 B - a scroll of acquirement {unknown}
Potions
 b - a potion of attraction {unknown}
 k - a potion of brilliance {unknown}
 o - 6 potions of flight
 r - a potion of heal wounds {unknown}
 v - a potion of lignification {unknown}
 z - 4 potions of might
 A - a potion of ambrosia {unknown}
 E - 3 potions of mutation
 F - a potion of berserk rage {unknown}
 G - a potion of cancellation {unknown}
 I - a potion of resistance {unknown}
 J - a potion of haste {unknown}


   Skills:
 * Level 4.2 Fighting
 + Level 5.3 Axes
 * Level 2.9(3.0) Slings
 - Level 0.8(2.0) Throwing
 * Level 4.1 Armour
 * Level 3.1 Dodging
 * Level 5.1 Stealth
 * Level 2.5 Shields
 * Level 3.7 Spellcasting
 * Level 4.8 Translocations
 * Level 3.1 Transmutations
 * Level 3.0 Earth Magic
 * Level 3.7 Invocations


You had 9 spell levels left.
You knew the following spells:

 Your Spells              Type           Power      Damage    Failure   Level
a - Blink                 Tloc           64%        N/A       2%          2
b - Teleport Other        Tloc           32%        N/A       5%          3
c - Apportation           Tloc           64%        N/A       1%          1

Your spell library contained the following spells:

 Spells                   Type           Power      Damage    Failure   Level
 Gell's Gravitas          Tloc           32%        N/A       5%          3
 Lesser Beckoning         Tloc           32%        N/A       5%          3
 Manifold Assault         Tloc           32%        N/A       43%         5
 Alistair's Intoxication  Tmut/Pois      8%         N/A       88%         5


Dungeon Overview and Level Annotations

Branches:
Dungeon (7/15)             Temple (1/1) D:5           Sewer (visited)
Ossuary (visited)          Bailey (1/1)

Altars:
Cheibriados
Dithmenos
Elyvilon
Kikubaaqudgha
Makhleb
Okawaru
Qazlal
Sif Muna
Uskayaw
Wu Jian
Yredelemnul
The Shining One

Shops:
D:4 [

Annotations:
D:5 Pikel


Innate Abilities, Weirdness & Mutations

Your serpentine skin is tough. (AC +3)
You have supernaturally acute eyesight. (SInv)
Armour fits poorly on your strangely shaped body.
Your system is resistant to poisons. (rPois)
You cover ground very slowly.
You can spit poison.
You have a snake-like lower body.
Your tail ends in a venomous barb.
Your flesh is heat resistant. (rF+)


Message History

The human is lightly wounded.
You slash the human!
You kill the human!
Cheibriados appreciates the change of pace.
The human hits you with a +0 war axe!
* * * LOW HITPOINT WARNING * * *
Your Earth Magic skill increases to level 3!
Okay, then.
You closely miss the human.
The human is lightly wounded.
You closely miss the goblin. The human barely misses you.
A human comes into view. It is wielding a +0 war axe.
The goblin hits you with a +0 war axe.
* * * LOW HITPOINT WARNING * * *
Okay, then.
Press: ? - help, v - describe, . - travel
Here: a human, wielding a +0 war axe and wearing a +0 ring mail (lightly wounded)
A gate leading back out of this place.
Unknown command.
The flow of time bends around you.
Cheibriados rebukes the human.
The human seems to slow down.
Cheibriados rebukes the goblin.
The goblin seems to slow down.
The human hits you with a +0 war axe.
* * * LOW HITPOINT WARNING * * *
Okay, then.
Press: ? - help, v - describe, . - travel, g - get item
Here: a human, wielding a +0 war axe and wearing a +0 scale mail
Items here: ) [ ††.
The floor, spattered with blood.
Unknown command.
Unknown command.
Throw: 7 boomerangs (disperse)
Press: ? - help, Q - select action, (/) - cycle Shift-Dir - straight line, f - human
Aim: a human, wielding a +0 war axe and wearing a +0 ring mail (lightly wounded, slow, 58% to hit)
You throw a boomerang of dispersal.
The boomerang of dispersal hits the human.
The human blinks!
The goblin closely misses you. The human hits you with a +0 war axe!
You die...

#####
##...##
#.....#
#.∩.§.#
#...p@#
##.)g##
#p#'#
#≈≈≈≈≈#p..p#
#≈≈≈≈≈#...##
#≈≈≈≈≈#...#
##≈≈p##...#
##'# ##..#
.. ..#


You could see 3 humans and a goblin (slow).

Vanquished Creatures
  Prince Ribbit (D:6)
  A human (Bailey)
  A water moccasin (D:4)
  An ice beast (D:5)
  2 sky beasts
  An orc warrior (Bailey)
  An ogre (D:6)
  2 phantoms
  3 bullfrogs (Bailey)
  8 scorpions
  4 wights (D:6)
  Dowan (D:4)
  A centaur zombie (Ossuary)
  2 hounds
  A human zombie (Ossuary)
  An orc priest (D:5)
  2 iguanas
  6 scorpion zombies (Ossuary)
  5 orc wizards
  4 mummies
  4 gnolls
  13 adders
  8 river rats
  An ufetubus (D:6)
  6 worms
  4 dart slugs
  21 orcs
  6 endoplasms
  5 giant cockroaches
  A gnoll zombie (Ossuary)
  8 goblins
  6 hobgoblins
  4 jackals
  3 quokkas
  12 ball pythons
  10 bats
  5 frilled lizards
  A goblin zombie (Ossuary)
  3 hobgoblin zombies (Ossuary)
  5 kobolds
  2 kobold zombies (Ossuary)
  An orc zombie (Ossuary)
  3 rats
180 creatures vanquished.

Vanquished Creatures (others)
  Edmund (D:4)
1 creature vanquished.

Grand Total: 181 creatures vanquished

Notes
Turn   | Place    | Note
-------+----------+-------------------------------------------
     0 | D:1      | Antichthon the Naga Warper began the quest for the Orb.
     0 | D:1      | Reached XP level 1. HP: 19/19 MP: 3/3
   145 | D:1      | Reached XP level 2. HP: 25/26 MP: 5/5
   550 | D:1      | Reached skill level 1 in Armour
   710 | D:1      | Reached XP level 3. HP: 31/32 MP: 6/6
   713 | D:1      | Learned a level 2 spell: Blink
   717 | D:1      | Learned a level 3 spell: Teleport Other
  1227 | D:2      | Learned a level 1 spell: Apportation
  1573 | D:2      | Found a faded altar of an unknown god.
  1647 | D:2      | Reached skill level 1 in Stealth
  2167 | D:3      | Reached XP level 4. HP: 33/39 MP: 7/7
  2189 | D:3      | Reached skill level 1 in Invocations
  2829 | D:3      | Identified the +1 ring mail of Okawaru's Regard {rC+ Will+
                  | Int+3}
  3275 | D:3      | Reached XP level 5. HP: 40/46 MP: 8/8
  3632 | D:4      | Found Fakke's Armour Shop.
  3910 | D:4      | Noticed Edmund
  3938 | D:4      | Killed Edmund
  4076 | D:4      | Reached skill level 1 in Earth Magic
  4115 | D:4      | Reached skill level 1 in Shields
  4129 | D:4      | Found a glowing drain.
  4133 | Sewer    | Entered a sewer
  4138 | Sewer    | Reached XP level 6. HP: 26/55 MP: 9/9
  4423 | Sewer    | Reached skill level 1 in Slings
  5027 | Sewer    | Gained mutation: Your tail ends in a venomous barb. [potion
                  | of mutation]
  5027 | Sewer    | Gained mutation: Your flesh is heat resistant. (rF+)
                  | [potion of mutation]
  5892 | D:4      | Reached skill level 1 in Transmutations
  5892 | D:4      | Reached XP level 7. HP: 10/61 MP: 10/10
  6333 | D:4      | Noticed Dowan
  6342 | D:4      | Killed Dowan
  6398 | D:5      | Entered Level 5 of the Dungeon
  7317 | D:5      | Found a staircase to the Ecumenical Temple.
  7339 | Temple   | Entered the Ecumenical Temple
  7377 | Temple   | Became a worshipper of Cheibriados the Contemplative
  7651 | D:6      | Found a sand-covered staircase.
  7688 | Ossuary  | Entered an ossuary
  7731 | Ossuary  | Reached XP level 8. HP: 60/64 MP: 12/12
  8107 | Ossuary  | Reached * piety under Cheibriados
  8994 | D:5      | Reached XP level 9. HP: 60/76 MP: 13/13
  9196 | D:5      | Noticed Pikel
  9205 | D:5      | HP: 3/76 [Pikel/+1 whip of electrocution (13)]
  9662 | D:6      | Noticed Prince Ribbit
  9717 | D:6      | Killed Prince Ribbit
  9933 | D:6      | Reached ** piety under Cheibriados
  9934 | D:6      | Reached skill level 5 in Axes
 10767 | D:7      | Found a flagged portal.
 10828 | Bailey   | Entered a bailey
 10866 | Bailey   | Reached skill level 5 in Stealth
 10904 | Bailey   | Slain by a human

Illustrated notes

Levels and vault maps discovered:
D:1:      wander_arrival_desolate, layout_basic
D:2:      layout_loops_cross, chequers_ecumenical_altar_twisty,
          kennysheep_path_1
D:3:      layout_basic, serial_glass, glass_columns_a, glass_columns_a,
          minmay_strange_pillars, nicolae_wormholes
D:4:      layout_basic, gup_sewer_entry_spiral, serial_shops,
          nicolae_shop_competitors_out_of_business, eino_tiny_chamber,
          uniq_edmund, uniq_duvessa
D:5:      layout_basic, minmay_temple_entry_mini_moons, uniq_pikel
D:6:      layout_basic, gup_ossuary_entry_pyramid, uniq_prince_ribbit1
D:7:      layout_basic, old_standard_altar, enter_bailey_3,
          kennysheep_cross_room
Temple:   kilobyte_greek_temple
Bailey:   bailey_axe_froggy_fort_hellmonk, bailey

Skill      XL: |  1  2  3  4  5  6  7  8  9 |
---------------+----------------------------+-----
Armour         | 1 2 3 4 |  4.1
Stealth        | 1 2 4 5 |  5.1
Invocations    | 1 2 3 |  3.7
Earth Magic    | 1 2 3 |  3.0
Axes           | 3 4 5 |  5.3
Shields        | 1 2 |  2.5
Slings         | 1 2 |  2.9
Dodging        | 2 3 |  3.1
Transmutations | 1 2 3 |  3.1
Fighting       | 3 4 |  4.2
Translocations | 4 |  4.8
Spellcasting   | 3 |  3.7
Throwing       | |  0.8

Action                   |  1- 3 |  4- 6 |  7- 9 || total
-------------------------+-------+-------+-------++-------
Melee: Hand axe          |    85 |   269 |       ||   354
       War axe           |       |    32 |   480 ||   512
       Punch             |       |     2 |    10 ||    12
Throw: Boomerang         |       |       |     1 ||     1
 Cast: Blink             |       |       |     1 ||     1
Invok: Bend Time         |       |       |     1 ||     1
 Abil: Spit Poison       |    10 |    34 |    15 ||    59
  Use: Scroll            |     2 |     3 |    10 ||    15
       Potion            |       |     5 |     6 ||    11
 Stab: Sleeping          |       |     1 |     1 ||     2
Armor: Leather armour    |    31 |    14 |       ||    45
       Ring mail         |       |   161 |   247 ||   408
Dodge: Dodged            |    63 |   167 |   200 ||   430
Block: Other             |       |    80 |   121 ||   201
       Reflection        |       |     2 |     1 ||     3

Table legend: (Time is in decaauts)
 A = Elapsed time spent in this place.
 B = Non-inter-level travel time spent in this place.
 C = Inter-level travel time spent in this place.
 D = Time resting spent in this place.
 E = Time spent auto-exploring this place.
 F = Levels seen in this place.
 G = Mean time per level.
                   A        B        C        D        E       F      G
               +--------+--------+--------+--------+--------+-----+--------+
         Total |  14049 |  13786 |    263 |   3381 |   5393 |  11 | 1277.2 |
       Dungeon |  10597 |  10334 |    263 |   2285 |   5284 |   7 | 1513.9 |
        Temple |    104 |    104 |      0 |      0 |      0 |   1 |  104.0 |
         Sewer |   2109 |   2109 |      0 |    768 |    109 |   1 | 2109.0 |
       Ossuary |   1147 |   1147 |      0 |    305 |      0 |   1 | 1147.0 |
        Bailey |     90 |     90 |      0 |     23 |      0 |   1 |   90.0 |
               +--------+--------+--------+--------+--------+-----+--------+

Top non-repeatable levels by time:
     D:4: 2291 daAuts
   Sewer: 2109 daAuts
     D:6: 1996 daAuts
     D:3: 1879 daAuts
     D:5: 1759 daAuts
     D:1: 1339 daAuts
     D:2: 1220 daAuts
 Ossuary: 1147 daAuts
     D:7: 110 daAuts
  Temple: 104 daAuts
  Bailey: 90 daAuts
